 Dungeon Crawl Stone Soup version 0.31.0-9-g3a7656b989 (webtiles) character file.

Game seed: 6791065965955404584

2499 qw the Nimble (level 9, -3/45 HPs)
             Began as a Spriggan Hunter on Feb 3, 2024.
             Slain by an orc warrior
             ... wielding a +0 trident
              (9 damage)
             ... on level 7 of the Dungeon.
             The game lasted 00:03:46 (5969 turns).

qw the Nimble (Spriggan Hunter)                     Turns: 5969, Time: 00:03:47

Health: -3/45      AC:  5    Str:  7    XL:     9   Next: 28%
Magic:  10/10      EV: 27    Int: 10    God:
Gold:   482        SH:  0    Dex: 23    Spells: 8/8 levels left

rFire   . . .        b - +0 arbalest
rCold   + . .        (shield currently unavailable)
rNeg    . . .        c - +0 robe
rPois   .            (helmet restricted)
rElec   .            g - +2 cloak
rCorr   .            (gloves unavailable)
SInv    +            (boots unavailable)
Will    +....        (no amulet)
Stlth   ++           e - ring of protection from cold
HPRegen 0.27/turn    (no ring)
MPRegen 0.12/turn

%: no passive effects
@: very quick
A: very small, no large weapons, unfitting armour, see invisible, speed 3
a: no special abilities


You were on level 7 of the Dungeon.
You visited 2 branches of the dungeon, and saw 8 of its levels.
You also visited: Ossuary.

You collected 482 gold pieces.


Innate Abilities, Weirdness & Mutations

You are very small and have problems with some larger weapons.
You are too small for most types of armour.
You have supernaturally acute eyesight. (SInv)
You cover ground extremely quickly. (Speed+++)


   Skills:
 - Level 4.0 Fighting
 - Level 10.0 Ranged Weapons
 + Level 10.1 Dodging
 - Level 1.5 Stealth


You had 8 spell levels left.
You didn't know any spells.
Your spell library was empty.

Inventory:

Hand Weapons
 b - a +0 arbalest (weapon)
Armour
 c - a +0 robe (worn)
 g - a +2 cloak (worn)
Jewellery
 d - a ring of fire
 e - a ring of protection from cold (left hand)
Wands
 f - a wand of roots (14)
 h - a wand of mindburst (8)
Scrolls
 a - a scroll of enchant armour
Potions
 i - 2 potions of might
 k - 2 potions of cancellation
 q - 2 potions of enlightenment
 r - 2 potions of curing

Dungeon Overview and Level Annotations

Branches:
Dungeon (7/15)             Temple (1/1) D:5         Ossuary (visited)

Altars:
Ashenzari
Cheibriados
Dithmenos
Fedhas
Gozag
Kikubaaqudgha
Makhleb
Nemelex Xobeh
Qazlal
Ru
Sif Muna
Trog
Uskayaw
Vehumet
Wu Jian
Xom
Yredelemnul
Zin
The Shining One

Shops:
D:5 [


Message History

Your surroundings suddenly seem different.
An orc warrior, 2 orcs and an orc priest come into view.
Found 20 gold pieces.
You shoot a bolt. The bolt hits the orc priest!!
You kill the orc priest!
The orc shouts! x2; The orc warrior shouts!
The orc warrior closely misses you. The orc closely misses you.
You shoot a bolt. The bolt hits the orc!!
You kill the orc!
The orc warrior barely misses you. The orc completely misses you.
You shoot a bolt.
The bolt hits the orc but does no damage.
The orc warrior misses you. The orc barely misses you.
You shoot a bolt. The bolt barely misses the orc.
The orc warrior completely misses you. The orc completely misses you.
The orc closely misses you. The orc warrior barely misses you.
You shoot a bolt. The bolt hits the orc!
You kill the orc!
The orc warrior closely misses you.
You shoot a bolt. The bolt barely misses the orc warrior.
The orc warrior misses you.
The orc warrior hits you but does no damage.
You shoot a bolt. The bolt hits the orc warrior!
The orc warrior is moderately wounded.
The orc warrior hits you from afar with a +0 trident!
You shoot a bolt.
The bolt closely misses the orc warrior.
The orc warrior closely misses you.
You shoot a bolt.
The bolt hits the orc warrior but does no damage.
The orc warrior is moderately wounded.
The orc warrior completely misses you. The orc warrior closely misses you.
You shoot a bolt. The bolt barely misses the orc warrior.
The orc warrior completely misses you.
You shoot a bolt. The bolt barely misses the orc warrior.
The orc warrior completely misses you. The orc warrior barely misses you.
You shoot a bolt. The bolt hits the orc warrior!
The orc warrior is severely wounded.
The orc warrior hits you from afar with a +0 trident!
You die...

#########
#$......#
#..$...)#
#.....)@#
#....o).#
#.......#
#.......#
#######..
###
..........
!......).


You could see an orc warrior.

Vanquished Creatures
  A steam dragon (D:7)
  An ice beast (D:5)
  A black bear (D:5)
  3 orc warriors
  A centaur (D:6)
  2 ogres
  A phantom (D:4)
  A bullfrog (D:6)
  A kobold brigand (D:6)
  A weeping skull (Ossuary)
  A scorpion (D:6)
  6 wights
  A bombardier beetle (D:6)
  3 hounds
  2 jellies
  4 orc priests
  2 spectral scorpions (Ossuary)
  2 centaur skeletons (Ossuary)
  2 iguanas
  4 orc wizards
  11 mummies
  10 gnolls
  8 adders
  2 white imps
  2 ufetubi (D:6)
  A dart slug (D:1)
  A ribbon worm (D:2)
  19 orcs
  7 bats
  9 endoplasms
  2 giant cockroaches
  7 goblins
  8 hobgoblins
  7 quokkas
  7 ball pythons
  2 gnoll skeletons (Ossuary)
  6 kobolds
  2 kobold skeletons (Ossuary)
  2 orc skeletons (Ossuary)
  4 rats
  10 spectral rats (Ossuary)
167 creatures vanquished.

Vanquished Creatures (others)
  An orc (D:7)
1 creature vanquished.

Grand Total: 168 creatures vanquished

Notes
Turn   | Place    | Note
-------+----------+-------------------------------------------
     0 | D:1      | qw the Spriggan Hunter began the quest for the Orb.
     0 | D:1      | Reached XP level 1. HP: 10/10 MP: 2/2
     0 | D:1      | 0 ||| qw: Version: 0.3-a-155-g5e7d8dd
     0 | D:1      | 0 ||| qw: Game counter: 3022
     0 | D:1      | 0 ||| qw: Melee chars always use a shield: true
     0 | D:1      | 0 ||| qw: God list: Okawaru
     0 | D:1      | 0 ||| qw: Allow faded altars: false
     0 | D:1      | 0 ||| qw: Do Orc after clearing Dungeon:15 true
     0 | D:1      | 0 ||| qw: Do second Lair branch before Depths: true
     0 | D:1      | 0 ||| qw: Lair rune preference: random
     0 | D:1      | 0 ||| qw: Goals: Normal
     0 | D:1      | 0 ||| PLANNING D:1-11
    38 | D:1      | Reached skill level 3 in Dodging
   125 | D:1      | Reached XP level 2. HP: 14/14 MP: 3/3
   450 | D:1      | 450 ||| READING 2 scrolls labelled IHEYBA GYSH.
   450 | D:1      | 450 ||| ENCHANTING +0 shortbow.
   451 | D:1      | 451 ||| READING 3 scrolls labelled VOL SEF ITYUSH.
   451 | D:1      | 451 ||| IDENTIFYING scroll labelled DIONETW DUISO
   452 | D:1      | 452 ||| READING 2 scrolls of identify.
   452 | D:1      | 452 ||| IDENTIFYING scroll labelled CELUXO DILIN
   453 | D:1      | 453 ||| DROPPING scroll of butterflies.
   454 | D:1      | 454 ||| DROPPING scroll of immolation.
   455 | D:1      | 455 ||| DROPPING scroll of summoning.
   495 | D:2      | 495 ||| RETREEEEATING.
   504 | D:2      | 504 ||| RETREEEEATING.
   506 | D:2      | 506 ||| RETREEEEATING.
   512 | D:2      | Reached XP level 3. HP: 11/18 MP: 4/4
   846 | D:2      | Reached XP level 4. HP: 22/22 MP: 5/5
  1116 | D:2      | 1116 ||| UPGRADING to +0 cloak.
  1121 | D:2      | 1121 ||| READING scroll of enchant armour.
  1121 | D:2      | 1121 ||| ENCHANTING +0 cloak.
  1122 | D:2      | 1122 ||| READING 2 scrolls of identify.
  1122 | D:2      | 1122 ||| IDENTIFYING ruby potion
  1123 | D:2      | 1123 ||| READING scroll of identify.
  1123 | D:2      | 1123 ||| IDENTIFYING scroll labelled SAEKLEEWES
  1124 | D:2      | 1124 ||| READING scroll labelled WILERCH FICIS.
  1128 | D:2      | 1128 ||| DROPPING scroll of blinking.
  1841 | D:3      | 1841 ||| UPGRADING to ring of protection from cold.
  1842 | D:3      | 1842 ||| READING scroll of identify.
  1842 | D:3      | 1842 ||| IDENTIFYING viscous amethyst potion
  1843 | D:3      | 1843 ||| DROPPING potion of degeneration.
  1921 | D:4      | Reached XP level 5. HP: 26/26 MP: 6/6
  2072 | D:4      | HP: 6/26 [poisoned by an adder]
  2073 | D:4      | 2073 ||| READING 2 scrolls of teleportation.
  2075 | D:4      | Reached skill level 6 in Ranged Weapons
  2255 | D:4      | Noticed a phantom
  2256 | D:4      | 2256 ||| ZAPPING wand of mindburst (12) at 1,-7 (phantom;
                  | floor).
  2257 | D:4      | 2257 ||| ZAPPING wand of mindburst (11) at 1,-6 (phantom;
                  | floor).
  2258 | D:4      | 2258 ||| ZAPPING wand of mindburst (10) at 0,-5 (phantom;
                  | floor).
  2259 | D:4      | 2259 ||| ZAPPING wand of mindburst (9) at 0,-4 (phantom;
                  | floor).
  2259 | D:4      | Killed a phantom
  2260 | D:4      | Reached skill level 6 in Dodging
  2260 | D:4      | Reached XP level 6. HP: 30/30 MP: 7/7
  2288 | D:4      | Found a snail-covered altar of Cheibriados.
  2742 | D:4      | Found a shimmering altar of Xom.
  3003 | D:4      | 3003 ||| READING scroll labelled VOUNTUANUL.
  3005 | D:4      | 3005 ||| Stepping ~*~*~tactically~*~*~ (cloud).
  3130 | D:5      | Entered Level 5 of the Dungeon
  3131 | D:5      | 3131 ||| PLANNING OSSUARY
  3300 | D:5      | Reached XP level 7. HP: 30/35 MP: 8/8
  3358 | D:5      | Found Pedir's Armour Boutique.
  3437 | D:5      | Found a staircase to the Ecumenical Temple.
  3513 | D:5      | Found a burning altar of Makhleb.
  3566 | D:5      | Found a glowing golden altar of the Shining One.
  3638 | D:5      | Found a sand-covered staircase.
  3640 | D:5      | 3640 ||| DRINKING 2 orange potions.
  3641 | D:5      | 3641 ||| DROPPING potion of attraction.
  3652 | Ossuary  | Entered an ossuary
  3984 | Ossuary  | 3984 ||| READING scroll of enchant armour.
  3984 | Ossuary  | 3984 ||| ENCHANTING +1 cloak.
  4005 | Ossuary  | Reached XP level 8. HP: 39/39 MP: 9/9
  4140 | Ossuary  | 4140 ||| READING 3 scrolls of identify.
  4140 | Ossuary  | 4140 ||| IDENTIFYING sapphire potion
  4141 | Ossuary  | 4141 ||| READING 2 scrolls of identify.
  4141 | Ossuary  | 4141 ||| IDENTIFYING emerald potion
  4142 | Ossuary  | 4142 ||| READING scroll of identify.
  4142 | Ossuary  | 4142 ||| IDENTIFYING grey potion
  4143 | Ossuary  | 4143 ||| READING scroll labelled WUF GOMMINTOL.
  4209 | Ossuary  | 4209 ||| READING scroll labelled JUONLI FI ANU.
  4209 | Ossuary  | 4209 ||| BRANDING +0 shortbow.
  4210 | Ossuary  | 4210 ||| DRINKING 4 fuming dark potions.
  4211 | Ossuary  | 4211 ||| DRINKING 2 metallic red potions.
  4212 | Ossuary  | 4212 ||| DROPPING potion of berserk rage.
  4213 | Ossuary  | 4213 ||| DROPPING potion of brilliance.
  4248 | D:5      | 4248 ||| PLANNING TEMPLE
  4287 | Temple   | Entered the Ecumenical Temple
  4288 | Temple   | 4288 ||| PLANNING D:1-11
  4360 | D:4      | Found a bloodstained altar of Trog.
  4360 | D:4      | Found a glowing silver altar of Zin.
  4426 | D:5      | 4426 ||| READING scroll of identify.
  4426 | D:5      | 4426 ||| IDENTIFYING metallic grey potion
  4472 | D:6      | 4472 ||| FLEEEEING.
  4486 | D:6      | Reached skill level 3 in Fighting
  4613 | D:6      | Found a broken altar of Ashenzari.
  4613 | D:6      | Found a shadowy altar of Dithmenos.
  4669 | D:6      | 4669 ||| FLEEEEING.
  4670 | D:6      | 4670 ||| FLEEEEING.
  4671 | D:6      | 4671 ||| FLEEEEING.
  4672 | D:6      | 4672 ||| FLEEEEING.
  4673 | D:6      | 4673 ||| FLEEEEING.
  4675 | D:6      | 4675 ||| FLEEEEING.
  4694 | D:6      | Reached skill level 9 in Ranged Weapons
  4711 | D:6      | 4711 ||| SWAPPING to +0 arbalest.
  4713 | D:6      | 4713 ||| DROPPING +0 shortbow of flaming.
  4790 | D:6      | Reached skill level 9 in Dodging
  4864 | D:6      | 4864 ||| FLEEEEING.
  4984 | D:6      | Reached XP level 9. HP: 34/44 MP: 10/10
  5513 | D:6      | 5513 ||| READING scroll labelled NUSTEV UNNISCH.
  5514 | D:6      | 5514 ||| DROPPING wand of flame (8).
  5599 | D:7      | 5599 ||| FLEEEEING.
  5606 | D:7      | HP: 9/44 [steam dragon] (4)]
  5607 | D:7      | 5607 ||| READING 3 scrolls of teleportation.
  5608 | D:7      | 5608 ||| DRINKING 3 potions of heal wounds.
  5610 | D:7      | 5610 ||| Stepping ~*~*~tactically~*~*~ (cloud).
  5845 | D:7      | HP: 9/45 [steam dragon] (20)]
  5846 | D:7      | 5846 ||| READING 2 scrolls of teleportation.
  5847 | D:7      | 5847 ||| DRINKING 2 potions of heal wounds.
  5950 | D:7      | 5950 ||| Stepping ~*~*~tactically~*~*~ (cloud).
  5954 | D:7      | HP: 7/45 [steam dragon] (9)]
  5955 | D:7      | 5955 ||| READING scroll of teleportation.
  5956 | D:7      | 5956 ||| DRINKING potion of heal wounds.
  5964 | D:7      | HP: 4/45 [orc warrior/+0 trident (10)]
  5969 | D:7      | Slain by an orc warrior

Levels and vault maps discovered:
D:1:      amcnicky_arrival_wind_blow, layout_rooms
D:2:      minmay_evil_eye, layout_loops_ring
D:3:      layout_loops_ring, minivault_4
D:4:      layout_layer_cave, nicolae_overflow_hidden_temple,
          cheibriados_altar_1, saegor_snake_ambush
D:5:      layout_basic, lemuel_crystal_altar, kennysheep_mini_moat,
          minmay_temple_entry_wispy, serial_shops, nicolae_shop_window_shopping,
          gup_ossuary_entry_pyramid
D:6:      layout_cave_pods, gammafunk_temple_overflow_elements
D:7:      layout_rooms, serial_shops, nicolae_shop_tiny_statue_garden
Temple:   hellmonk_temple_of_storms

Skill      XL: |  1  2  3  4  5  6  7  8  9 |
---------------+----------------------------+-----
Dodging        | 3 4 5 6 8 9 10 | 10.1
Ranged Weapons | 5 6 7 8 10 | 10.0
Fighting       | 2 3 4 |  4.0
Stealth        | |  1.5

Action                     |  1- 3 |  4- 6 |  7- 9 || total
---------------------------+-------+-------+-------++-------
   Fire: Shortbow          |    85 |   141 |   252 ||   478
         Arbalest          |       |       |   138 ||   138
  Evoke: Wand              |       |     4 |       ||     4
    Use: Scroll            |     3 |     7 |    11 ||    21
         Potion            |       |       |     6 ||     6
 Armour: Robe              |     7 |    21 |    63 ||    91
  Dodge: Dodged            |    39 |    65 |   215 ||   319

Table legend:
 A = Non-vault XP
 B = Vault XP
 C = Vault XP percentage of total XP
 D = Non-vault monster count
 E = Vault monster count
 F = Vault count percentage of total count
                 A         B        C        D         E       F
            +---------+---------+-------+---------+---------+-------
      Total |    2946 |     625 |  17.5 |     126 |      41 |  24.6
            +---------+---------+-------+---------+---------+-------
        D:1 |      35 |       0 |   0.0 |      19 |       0 |   0.0
        D:2 |      56 |       9 |  13.8 |      17 |       4 |  19.0
        D:3 |      26 |       0 |   0.0 |       7 |       0 |   0.0
        D:4 |     447 |       4 |   0.9 |      25 |       3 |  10.7
        D:5 |     365 |      18 |   4.7 |       8 |       1 |  11.1
        D:6 |    1471 |       0 |   0.0 |      34 |       0 |   0.0
        D:7 |     546 |       0 |   0.0 |      16 |       0 |   0.0
    Ossuary |       0 |     594 | 100.0 |       0 |      33 | 100.0
            +---------+---------+-------+---------+---------+-------
